 Dungeon Crawl Stone Soup version 0.20-a0-59-g66a9409 (webtiles) character file.

46 GlassEater the Ducker (level 3, -4/19 HPs)
             Began as a Spriggan Fighter on Nov 17, 2016.
             Was an Initiate of Ashenzari.
             Slain by Crazy Yiuf
             ... wielding a +2 quarterstaff of chaos
              (17 damage)
             ... on level 2 of the Dungeon.
             The game lasted 00:02:55 (1933 turns).

GlassEater the Ducker (Spriggan Fighter)            Turns: 1933, Time: 00:02:56

Health: -4/19      AC:  5    Str: 12    XL:     3   Next: 44%
Magic:  4/4        EV: 20    Int:  9    God:    Ashenzari [......]
Gold:   119        SH:  6    Dex: 16    Spells: 0 memorised, 2 levels left

rFire  . . .     SeeInvis +     a - +0 rapier
rCold  . . .     Gourm    .     b - +0 robe
rNeg   . . .     Faith    .     c - +0 buckler (curse)
rPois  .         Spirit   .     k - +1 hat
rElec  .         Reflect  .     j - +1 cloak
rCorr  .         Harm     .     (gloves unavailable)
MR     .....                    (boots unavailable)
Stlth  +.........               (no amulet)
                                (no ring)
                                (no ring)

@: very quick
A: unfitting armour, see invisible, herbivore 3, speed 3, slow metabolism 2
a: Curse Item, Renounce Religion


You were on level 2 of the Dungeon.
You worshipped Ashenzari.
Ashenzari was noncommittal.
You were not hungry.

You visited 1 branch of the dungeon, and saw 2 of its levels.

You collected 119 gold pieces.

Inventory:

Hand Weapons
 a - a +0 rapier (weapon)
Armour
 b - a +0 robe (worn)
 c - a cursed +0 buckler (worn)
 j - a +1 cloak (worn)
 k - a +1 hat (worn)
Scrolls
 e - a scroll of identify
 g - 2 scrolls of random uselessness {unknown}
 i - a scroll of enchant armour {unknown}
 m - a scroll of fog {unknown}
Potions
 d - a potion of might
 h - a potion of curing {unknown}
 l - a potion of invisibility {unknown}
 n - a potion of resistance
 o - a potion of mutation {unknown}
Comestibles
 f - 3 bread rations


   Skills:
 + Level 2.7 Fighting
 + Level 2.3 Short Blades
 + Level 5.3 Dodging
 + Level 0.0 Stealth
 + Level 2.5 Shields


You had 2 spell levels left.
You didn't know any spells.

Dungeon Overview and Level Annotations

Branches:
Dungeon (2/15)

Altars:
Ashenzari
Nemelex Xobeh
Xom

Annotations:
D:2 Crazy Yiuf


Innate Abilities, Weirdness & Mutations

You are very small and have problems with some larger weapons.
You are too small for most types of armour.
You have supernaturally acute eyesight. (SInv)
You are a herbivore.
You cover ground extremely quickly.
You need consume almost no food.


Message History

There is a stone staircase leading down here.
There is an open door here.
There is an open door here.
There is a stone staircase leading down here.
There is an open door here.
You open the door.
Crazy Yiuf the Enlightened comes into view.
Ashenzari warns you: He is wielding a quarterstaff of chaos.
Crazy Yiuf shouts!
Crazy Yiuf laughs, "Liver toodlewoodle arga!"
Found an uncursed mace.
There is an open door here.
Crazy Yiuf says, "Snurf sizzlefizz shoe!"
Crazy Yiuf hits you with a quarterstaff of chaos.
You hit Crazy Yiuf.
Crazy Yiuf is moderately wounded.
Crazy Yiuf hits you with a quarterstaff of chaos.
You are electrocuted!
Ouch! That really hurt!
You die...

########## #.........
#>........ ####......
######. #####. #####
#####..... #)..###
##.....####
#.g@'.####......# #
#...##..#......## #
########.#....## #
######## # #######
################......
#..............#######
#........(.....#
#####..........#######


You could see Crazy Yiuf.

Vanquished Creatures
  An ooze (D:1)
  2 dart slugs (D:1)
  2 bats
  3 goblins (D:1)
  7 hobgoblins
  4 jackals (D:1)
  A frilled lizard (D:1)
  8 kobolds
  6 rats
34 creatures vanquished.

Notes
Turn   | Place    | Note
-------+----------+-------------------------------------------
     0 | D:1      | GlassEater the Spriggan Fighter began the quest for the Orb.
     0 | D:1      | Reached XP level 1. HP: 11/11 MP: 2/2
   164 | D:1      | Reached XP level 2. HP: 7/16 MP: 3/3
   428 | D:1      | Found a shimmering altar of Xom.
   653 | D:1      | Reached XP level 3. HP: 16/19 MP: 4/4
   717 | D:1      | Reached skill level 5 in Dodging
  1297 | D:2      | Found a shattered altar of Ashenzari.
  1306 | D:2      | Became a worshipper of Ashenzari the Shackled
  1476 | D:2      | Found a sparkling altar of Nemelex Xobeh.
  1694 | D:2      | Found a runed door.
  1930 | D:2      | Noticed Crazy Yiuf
  1933 | D:2      | Slain by Crazy Yiuf

Vault maps used:
D:1:      dpeg_arrival_more_subterranean_lakeside_camping, xom_teletrap_fun
D:2:      ashenzari_altar_1, nemelex_xobeh_ov_fountains_minmay, minivault_14,
          uniq_crazy_yiuf_cottage

Skill      XL: |  1  2  3 |
---------------+----------+-----
Dodging        | 5 |  5.3
Fighting       | |  2.7
Short Blades   | |  2.3
Shields        | |  2.5

Action                   || total
-------------------------++-------
Melee: Rapier            ||   113
Invok: Curse Item        ||     1
  Use: Scroll            ||     1
Armor: Robe              ||     7
Dodge: Dodged            ||    69
Block: Buckler           ||    23
